 Dungeon Crawl Stone Soup version 0.17.0-28-g6e173f8 (webtiles) character file.

53 shane the Skirmisher (level 4, 0/35 HPs)
             Began as a Human Wanderer on Dec 3, 2015.
             Succumbed to poison (a potion of poison)
             ... on level 2 of the Dungeon.
             The game lasted 00:15:57 (2001 turns).

shane the Skirmisher (Human Wanderer)               Turns: 2001, Time: 00:15:57

Health: 0/35       AC:  2    Str: 11    XL:     4   Next: 10%
Magic:  8/8        EV: 17    Int: 16    God:
Gold:   83         SH:  0    Dex: 16    Spells: 2 memorised, 4 levels left

rFire  . . .     SeeInvis .     a - +2 mace
rCold  . . .     Clarity  .     d - +0 robe
rNeg   . . .     SustAt   .     (no shield)
rPois  .         Gourm    .     (no helmet)
rElec  .         Spirit   .     (no cloak)
rCorr  .         Warding  .     (no gloves)
rMut   .         Stasis   .     (no boots)
MR     .....                    (no amulet)
Stlth  +++.......               (no ring)
                                (no ring)

@: agile, lethally poisoned (0 -> -8), not resistant to hostile enchantments,
fairly stealthy
A: no striking features
a: no special abilities


You were on level 2 of the Dungeon.
You were not hungry.

You visited 1 branch of the dungeon, and saw 2 of its levels.

You collected 83 gold pieces.

Inventory:

Hand Weapons
 a - a +2 mace (weapon)
Missiles
 h - 17 stones (quivered)
Armour
 d - a +0 robe (worn)
Scrolls
 c - 3 scrolls of teleportation
 f - a scroll of immolation {unknown}
 g - a scroll of fear {unknown}
Books
 b - Luxystis's Catalogue of Stolen Souls

   Spells                             Type                      Level
   a - Corpse Rot                     Necromancy                   2
   b - Sublimation of Blood           Necromancy                   2
Comestibles
 e - a bread ration


   Skills:
 - Level 3.0 Fighting
 - Level 2.0 Maces & Flails
 - Level 1.0 Throwing
 + Level 1.3 Dodging
 + Level 0.4 Stealth
 * Level 2.8 Spellcasting
   Level 1.0 Conjurations
   Level 1.0 Summonings
   Level 1.0 Evocations


You had 4 spell levels left.
You knew the following spells:

 Your Spells              Type           Power        Failure   Level  Hunger
a - Corpse Rot            Necr           N/A          30%         2    ##.....
b - Sublimation of Blood  Necr           #.........   30%         2    ##.....


Dungeon Overview and Level Annotations

Branches:
Dungeon (2/15)

Altars:
Dithmenos
Vehumet


Message History

The gnoll hits you with a whip!
* * * LOW HITPOINT WARNING * * *
It was a potion of poison.
That liquid tasted very nasty...
You are lethally poisoned!
* * * LOW HITPOINT WARNING * * *
You feel sick. The gnoll hits you but does no damage.
It was a potion of agility.
You feel agile all of a sudden.
* * * LOW HITPOINT WARNING * * *
You feel sick.
* * * LOW HITPOINT WARNING * * *
You feel sick. The gnoll barely misses you.
* * * LOW HITPOINT WARNING * * *
You feel sick.
You sock the gnoll!
You kill the gnoll!
You have reached level 4!
You feel clever.
You die...

#.#.###.# #.#
#.. .#.#..##.#
#.# #.. # #+
#####.#.##.##.#
#.# ### #.#..
.... #.##..#.#
#.# #....
#..###.###.#.#
#.# #.....
#....#.# #.#.#
#.#
#...!.##..%.#.#
#...# #.#
#.........###.#
##..# #.#####
#........(.g)@#
#..####......
#.........#.###
#............
#.....#####...#
#..####......
#..).. ###.#
##.# #.#####
..... ).# #..
#.# .#### .# #.
#.# .. #.# ##
... #.#


You could see a gnoll.

Vanquished Creatures
  An adder (D:2)
  A gnoll (D:2)
  An ooze (D:1)
  An adder skeleton (D:1)
  2 giant cockroaches (D:1)
  4 goblins
  4 hobgoblins
  A quokka (D:2)
  3 ball pythons (D:1)
  4 bats
  A giant newt (D:1)
  3 kobolds (D:1)
  5 rats (D:1)
31 creatures vanquished.

Vanquished Creatures (others)
  A rat (D:2)
  A bush (D:1)
2 creatures vanquished.

Grand Total: 33 creatures vanquished

Notes
Turn   | Place    | Note
--------------------------------------------------------------
     0 | D:1      | shane the Human Wanderer began the quest for the Orb.
     0 | D:1      | shane set off with: a +2 mace, Luxystis's Catalogue of Stolen Souls, a scroll of teleportation, a +0 robe, a bread ration
     0 | D:1      | Reached XP level 1. HP: 18/18 MP: 2/2
   262 | D:1      | Reached XP level 2. HP: 20/24 MP: 4/4
   375 | D:1      | Learned a level 2 spell: Corpse Rot
   378 | D:1      | Learned a level 2 spell: Sublimation of Blood
   882 | D:1      | Reached XP level 3. HP: 29/29 MP: 6/6
  1739 | D:2      | Found a radiant altar of Vehumet.
  1891 | D:2      | Found a shadowy altar of Dithmenos.
  1913 | D:2      | Reached skill level 1 in Dodging
  2000 | D:2      | HP: 1/29 [poison (a potion of poison)]
  2001 | D:2      | Reached XP level 4. HP: 1/35 MP: 8/8
  2001 | D:2      | Succumbed to poison (a potion of poison)

Action                   |  1- 3 |  4- 6 || total
-------------------------+-------+-------++-------
Melee: Mace              |    96 |       ||    96
  Use: Potion            |     3 |       ||     3
 Stab: Sleeping          |     2 |       ||     2
  Eat: Bread ration      |     1 |       ||     1
